 Dungeon Crawl Stone Soup version bcrawl-1.41.1 (webtiles) character file.

Game seed: 2160918843640227436

153020 Yshiel the Chiller (level 6, -1/44 HPs)
             Began as a Gnoll Ice Elementalist on Apr 23, 2024.
             Slain by an adder (2 damage)
             ... in a sewer.
             The game lasted 00:19:53 (3172 turns).

Yshiel the Chiller (Gnoll Ice Elementalist)         Turns: 3172, Time: 00:19:53

Health: -1/44      AC:  2    Str: 10    XL:     6   Next: 14%
Magic:  12/13      EV: 15    Int: 17    God:
Gold:   236        SH:  0    Dex: 18    Spells: 14/15 levels left

rFire    . . .     GDR:     31% w - +3 dagger
rCold    . . .     SeeInvis .   (no shield)
rNeg     . . .     Gourm    .   a - +0 robe
rPois    .         Faith    .   (no helmet)
rElec    .         Spirit   .   (no cloak)
rCorr    .         Reflect  .   (no gloves)
MR       .....                  (no boots)
Stlth    ++........             (no amulet)
HPRegen  0.17/turn              (no ring)
MPRegen  0.13/turn              (no ring)

@: very slow
A: distributed training, fangs 1, strong nose
a: no special abilities


You were in a sewer.
You were not hungry.

You visited 1 branch of the dungeon, and saw 3 of its levels.
You also visited: Sewer.

You collected 236 gold pieces.

Inventory:

Hand Weapons
 d - a +0 spear
 h - a +0 dagger
 k - a +0 hunting sling
 q - a +0 blowgun
 w - a +3 dagger (weapon)
Missiles
 p - 520 arrows
 r - 32 poisoned needles
Armour
 a - a +0 robe (worn)
Jewellery
 b - an uncursed ring of fire
 m - an uncursed ring of stealth
Wands
 c - a wand of iceblast (1)
Scrolls
 f - 2 scrolls of teleportation
 i - 2 scrolls of identify
 j - a scroll of remove curse {unknown}
 l - 5 scrolls of revelation
 n - 2 scrolls of blinking {unknown}
 t - a scroll of immolation {unknown}
 u - a scroll of noise {unknown}
 x - a scroll of fog {unknown}
Potions
 g - 3 potions of heal wounds
 o - a potion of flight {unknown}
 v - a potion of mutation {unknown}
 z - a potion of brilliance {unknown}
 A - 2 potions of magic
 B - a potion of haste {unknown}
Comestibles
 e - 5 rations {!d}
 s - 4 chunks of flesh


   Skills:
 + Level 1.8 Fighting
 + Level 1.8 Short Blades
 + Level 1.8 Long Blades
 + Level 1.8 Axes
 + Level 1.8 Maces & Flails
 + Level 1.8 Polearms
 + Level 1.8 Staves
 + Level 1.8 Slings
 + Level 1.8 Bows
 + Level 1.8 Crossbows
 + Level 1.8 Throwing
 + Level 1.8 Armour
 + Level 4.9 Dodging
 + Level 4.9 Stealth
 + Level 1.8 Shields
 + Level 1.8 Unarmed Combat
 + Level 5.3 Spellcasting
 + Level 2.5 Conjurations
 + Level 1.4 Hexes
 + Level 1.4 Charms
 + Level 1.4 Summonings
 + Level 1.4 Necromancy
 + Level 1.4 Translocations
 + Level 1.4 Transmutations
 + Level 1.4 Fire Magic
 + Level 5.6 Ice Magic
 + Level 1.4 Air Magic
 + Level 1.4 Earth Magic
 + Level 1.4 Poison Magic
 + Level 2.0 Invocations
 + Level 1.8 Evocations


You had 14 spell levels left.
You knew the following spells:

 Your Spells              Type           Power        Failure   Level  Hunger
a - Freeze                Ice            ###...       1%          1    None

Your spell library contained the following spells:

 Spells                   Type           Power        Failure   Level  Hunger
 Throw Frost              Conj/Ice       ###...       1%          2    None
 Ozocubu's Armour         Chrm/Ice       ###.....     10%         3    ##.....
 Throw Icicle             Conj/Ice       ###.....     26%         4    ####...
 Ice Form                 Ice/Tmut       ###.....     32%         4    ####...
 Summon Ice Beast         Ice/Summ       ###.....     32%         4    ####...


Dungeon Overview and Level Annotations

Branches:
Dungeon (3/12)

Altars:
Trog


Innate Abilities, Weirdness & Mutations

Your experience applies equally to all skills.
You have very sharp teeth.
Your uncanny sense of smell can sniff out nearby items.


Message History

Casting: Freeze (safe; 1% risk of failure)
Confirm with . or Enter, or press ? or * to list all spells.
Aiming: Freeze (safe; 1% risk of failure)
Press: ? - help, Shift-Dir - straight line, f - ball python
Aim: a ball python You freeze the ball python.
You kill the ball python!
The adder hisses angrily.
The ball python hisses angrily.
The bullfrog closely misses you. The bullfrog barely misses you.
The bullfrog closely misses you. The bullfrog hits you! x2
The bullfrog hits you!
* * * LOW HITPOINT WARNING * * *
The bullfrog completely misses you. The frilled lizard misses you.
The adder bites you.
* * * LOW HITPOINT WARNING * * *
The bullfrog hits you.
* * * LOW HITPOINT WARNING * * *
The adder bites you but does no damage. The bullfrog closely misses you.
The adder bites you.
You die...

###################
..#≈≈≈≈SSFF@≈≈≈≈≈≈..###
..≈≈≈≈≈≈≈lSS≈≈≈≈≈≈≈...##
...≈≈≈≈≈≈SS≈≈≈≈≈≈≈.....#
...#≈≈≈≈≈≈≈≈≈≈≈≈≈≈.....#
..≈≈≈≈≈≈≈≈≈≈≈≈≈≈≈≈≈....##
...≈≈≈≈≈≈≈≈≈≈≈≈≈≈≈#.....#
####################....#
∆∆∆ ####...## ∆ ∆
#..#....#


You could see 2 bullfrogs, 3 adders, 3 ball pythons and a frilled lizard.

Vanquished Creatures
  An orc priest (D:3)
  5 adders
  5 river rats (Sewer)
  An ooze (D:1)
  7 worms
  A dart slug (D:2)
  3 leopard geckos (D:2)
  15 orcs
  4 giant cockroaches
  4 hobgoblins
  8 ball pythons (Sewer)
  4 bats
  3 frilled lizards
  6 goblins
  7 kobolds
  24 rats
98 creatures vanquished.

Notes
Turn   | Place    | Note
-------+----------+-------------------------------------------
     0 | D:1      | Yshiel the Gnoll Ice Elementalist began the quest for the
                  | Orb.
     0 | D:1      | Reached XP level 1. HP: 13/13 MP: 6/6
   382 | D:1      | Reached XP level 2. HP: 19/19 MP: 5/7
  1083 | D:2      | Reached XP level 3. HP: 12/25 MP: 1/9
  1150 | D:2      | Reached skill level 5 in Spellcasting
  1339 | D:2      | Found a faded altar of an unknown god.
  1371 | D:2      | Reached skill level 1 in Invocations
  1700 | D:2      | Found a bloodstained altar of Trog.
  2078 | D:3      | Reached skill level 1 in Fighting
  2078 | D:3      | Reached skill level 1 in Short Blades
  2078 | D:3      | Reached skill level 1 in Long Blades
  2078 | D:3      | Reached skill level 1 in Axes
  2078 | D:3      | Reached skill level 1 in Maces & Flails
  2078 | D:3      | Reached skill level 1 in Polearms
  2078 | D:3      | Reached skill level 1 in Staves
  2078 | D:3      | Reached skill level 1 in Slings
  2078 | D:3      | Reached skill level 1 in Bows
  2078 | D:3      | Reached skill level 1 in Crossbows
  2078 | D:3      | Reached skill level 1 in Throwing
  2078 | D:3      | Reached skill level 1 in Armour
  2078 | D:3      | Reached skill level 1 in Shields
  2078 | D:3      | Reached skill level 1 in Unarmed Combat
  2078 | D:3      | Reached skill level 1 in Evocations
  2148 | D:3      | Reached XP level 4. HP: 32/32 MP: 8/11
  2205 | D:3      | Reached skill level 1 in Hexes
  2205 | D:3      | Reached skill level 1 in Charms
  2205 | D:3      | Reached skill level 1 in Summonings
  2205 | D:3      | Reached skill level 1 in Necromancy
  2205 | D:3      | Reached skill level 1 in Translocations
  2205 | D:3      | Reached skill level 1 in Transmutations
  2205 | D:3      | Reached skill level 1 in Fire Magic
  2205 | D:3      | Reached skill level 1 in Air Magic
  2205 | D:3      | Reached skill level 1 in Earth Magic
  2205 | D:3      | Reached skill level 1 in Poison Magic
  2365 | D:3      | Reached XP level 5. HP: 27/37 MP: 4/12
  2513 | D:3      | Found a glowing drain.
  2516 | Sewer    | Entered a sewer
  3004 | Sewer    | Reached XP level 6. HP: 24/44 MP: 9/13
  3172 | Sewer    | HP: 1/44 [bullfrog (5)]
  3172 | Sewer    | Slain by an adder

Skill      XL: |  1  2  3  4  5  6 |
---------------+-------------------+-----
Conjurations   | 2 |  2.5
Spellcasting   | 5 |  5.3
Invocations    | 1 2 |  2.0
Fighting       | 1 |  1.8
Short Blades   | 1 |  1.8
Long Blades    | 1 |  1.8
Axes           | 1 |  1.8
Maces & Flails | 1 |  1.8
Polearms       | 1 |  1.8
Staves         | 1 |  1.8
Slings         | 1 |  1.8
Bows           | 1 |  1.8
Crossbows      | 1 |  1.8
Throwing       | 1 |  1.8
Armour         | 1 |  1.8
Shields        | 1 |  1.8
Unarmed Combat | 1 |  1.8
Evocations     | 1 |  1.8
Hexes          | 1 |  1.4
Charms         | 1 |  1.4
Summonings     | 1 |  1.4
Necromancy     | 1 |  1.4
Translocations | 1 |  1.4
Transmutations | 1 |  1.4
Fire Magic     | 1 |  1.4
Air Magic      | 1 |  1.4
Earth Magic    | 1 |  1.4
Poison Magic   | 1 |  1.4
Dodging        | |  4.9
Stealth        | |  4.9
Ice Magic      | |  5.6

Action                   |  1- 3 |  4- 6 || total
-------------------------+-------+-------++-------
Melee: Dagger            |    20 |    50 ||    70
       Bite              |     2 |     9 ||    11
 Cast: Freeze            |    57 |    89 ||   146
  Use: Scroll            |     3 |     1 ||     4
 Stab: Sleeping          |     3 |     1 ||     4
  Eat: Chunk             |     5 |     6 ||    11
Armor: Robe              |     7 |    16 ||    23
Dodge: Dodged            |    41 |    89 ||   130
